 Dungeon Crawl Stone Soup version 0.17-a0-530-gbe3d13a (webtiles) character file.

95 jernau the Covered (level 4, 0/41 HPs)
             Began as a Hill Orc Fighter on Apr 12, 2015.
             Slain by a centaur
             ... wielding a +0 war axe
              (7 damage)
             ... on level 3 of the Dungeon.
             The game lasted 00:12:00 (2349 turns).

jernau the Covered (Hill Orc Fighter)               Turns: 2349, Time: 00:12:00

Health: 0/41       AC:  9    Str: 19    XL:     4   Next: 66%
Magic:  4/4        EV:  7    Int:  8    God:
Gold:   108        SH:  9    Dex: 10    Spells: 0 memorised, 3 levels left

rFire  + . .     SeeInvis .     g - -2 hand axe (curse)
rCold  . . .     Clarity  .     b - +1 scale mail
rNeg   . . .     SustAb   .     c - +0 shield
rPois  .         Gourm    .     m - +0 helmet (curse)
rElec  .         Spirit   .     (no cloak)
rCorr  .         Warding  .     (no gloves)
rMut   .         Stasis   .     (no boots)
MR     .....                    (no amulet)
Stlth  ..........               (no ring)
                                i - ring of protection from fire

@: not resistant to hostile enchantments, extremely unstealthy
A: no striking features
a: no special abilities


You were on level 3 of the Dungeon.
You were not hungry.

You visited 1 branch of the dungeon, and saw 3 of its levels.

You collected 108 gold pieces.

Inventory:

Hand weapons
 a - a +0 war axe
 g - a cursed -2 hand axe (weapon)
 k - a +1 hand axe of venom
Armour
 b - a +1 scale mail (worn)
 c - a +0 shield (worn)
 m - a cursed +0 helmet (worn)
Jewellery
 i - a ring of protection from fire (left hand)
 q - an uncursed ring of fire
Magical devices
 f - a wand of magic darts (21)
 s - a wand of disintegration (7)
Scrolls
 l - a scroll of enchant armour
Potions
 j - a potion of resistance
 n - a potion of mutation {unknown}
 o - a potion of agility {unknown}
 p - a potion of flight {unknown}
Comestibles
 d - 3 bread rations
 h - a meat ration
 r - 2 chunks of flesh
 t - 2 fruits


   Skills:
 + Level 4.8 Fighting
 - Level 2.6 Axes
 + Level 4.9 Armour
 - Level 3.2 Shields


You had 3 spell levels left.
You didn't know any spells.

Dungeon Overview and Level Annotations

Branches:
Dungeon (3/15)

Altars:
Ashenzari
Okawaru
Sif Muna
Trog
The Shining One


Message History

You hit the centaur.
The centaur is moderately wounded.
The centaur barely misses you.
You barely miss the centaur.
The centaur is moderately wounded.
The centaur hits you but does no damage.
The centaur barely misses you.
You closely miss the centaur.
The centaur is moderately wounded.
The centaur closely misses you.
You hit the centaur but do no damage.
The centaur is moderately wounded.
The centaur hits you with an uncursed war axe!
* * * LOW HITPOINT WARNING * * *
The centaur hits you with an uncursed war axe.
* * * LOW HITPOINT WARNING * * *
Drink which item? (? for menu, Esc to quit)
It was a potion of curing.
You feel better.
The centaur hits you with an uncursed war axe!
You die...

#.......###.(......#
####.........)###.##
###...........# #.#
#..._.........# #.#
#.............# #.# ########
..............###.#####......#
....⌠..[.......#......#......#
.........#####c#......#......##
............##@................
...._.....<.###.......#########
.##....#....# #.............#
.#####..c...# #........####.#
........(...# #..(.....####.###
##..........# #...............#
#..........# #...#.........#.#
#..........# #..>####..#####.#
#.......#### ###.......#####..


You could see a centaur.

Vanquished Creatures
  An adder (D:3)
  A gnoll (D:2)
  A worm (D:3)
  2 giant geckos (D:2)
  An orc (D:3)
  2 ball pythons
  7 bats
  9 goblins
  6 hobgoblins
  An ooze (D:3)
  A giant cockroach (D:1)
  7 giant newts
  8 jackals
  11 kobolds
  9 rats
67 creatures vanquished.

Notes
Turn   | Place    | Note
--------------------------------------------------------------
     0 | D:1      | jernau, the Hill Orc Fighter, began the quest for the Orb.
     0 | D:1      | Reached XP level 1. HP: 19/19 MP: 1/1
   140 | D:1      | Reached skill level 4 in Fighting
   140 | D:1      | Reached XP level 2. HP: 9/27 MP: 2/2
   397 | D:1      | Found an iron altar of Okawaru.
   597 | D:1      | Reached XP level 3. HP: 31/33 MP: 3/3
  1197 | D:2      | Found a glowing golden altar of the Shining One.
  1469 | D:2      | Found a deep blue altar of Sif Muna.
  1577 | D:2      | Reached XP level 4. HP: 36/41 MP: 4/4
  2139 | D:3      | Found a shattered altar of Ashenzari.
  2144 | D:3      | Found a bloodstained altar of Trog.
  2314 | D:3      | Noticed a centaur
  2348 | D:3      | HP: 2/41 [centaur/uncursed war axe (4)]
  2349 | D:3      | Slain by a centaur

Action                   |  1- 3 |  4- 6 || total
-------------------------+-------+-------++-------
Melee: War axe           |    23 |       ||    23
       Hand axe          |   227 |    99 ||   326
  Use: Scroll            |     4 |     1 ||     5
       Potion            |       |     2 ||     2
  Eat: Chunk             |     1 |     1 ||     2
       Pizza             |     1 |       ||     1
       Beef jerky        |       |     1 ||     1
